 Dungeon Crawl Stone Soup version 0.19-a0-934-gf1df8d1 (webtiles) character file.

1066 rageheart7 the Carver (level 8, -3/52 HPs)
             Began as a Tengu Gladiator on July 7, 2016.
             Was a Follower of Okawaru.
             Slain by an orc warrior
             ... wielding a +0 halberd
              (8 damage)
             ... on level 6 of the Dungeon.
             The game lasted 00:15:01 (6745 turns).

rageheart7 the Carver (Tengu Gladiator)             Turns: 6745, Time: 00:15:02

Health: -3/52      AC:  4    Str: 17    XL:     8   Next: 28%
Magic:  0/9        EV: 13    Int:  8    God:    Okawaru [*.....]
Gold:   407        SH:  0    Dex: 16    Spells: 0 memorised, 7 levels left

rFire  + . .     SeeInvis .     t - +1 great sword (freeze)
rCold  x . .     Gourm    .     b - +0 leather armour
rNeg   . . .     Faith    .     (shield currently unavailable)
rPois  .         Spirit   +     c - +1 hat
rElec  .         Dismiss  .     (no cloak)
rCorr  .         Reflect  .     (no gloves)
SustAt .         Harm     .     (boots unavailable)
MR     +....     Clarity  +     l - amulet of guardian spirit
Stlth  +.........               q - ring of fire
                                i - ring of protection from magic

@: somewhat resistant to hostile enchantments, very unstealthy
A: beak, talons 3, clarity, able to fly 1
a: Fly, Heroism, Renounce Religion


You were on level 6 of the Dungeon.
You worshipped Okawaru.
Okawaru was aware of your devotion.
You were not hungry.

You visited 1 branch of the dungeon, and saw 6 of its levels.
You also visited: Sewer.

You collected 407 gold pieces.

Inventory:

Hand Weapons
 p - a +2 short sword of protection
 t - a +1 great sword of freezing (weapon)
Missiles
 d - 3 throwing nets
 B - 2 poisoned javelins (quivered)
Armour
 b - a +0 leather armour (worn)
 c - a +1 hat (worn)
 I - a +0 plate armour
Jewellery
 i - a ring of protection from magic (left hand)
 l - an amulet of guardian spirit (around neck)
 q - a ring of fire (right hand)
Wands
 a - a wand of random effects (23/48)
Scrolls
 e - a scroll of enchant weapon
 j - 2 scrolls of amnesia
 r - 6 scrolls of remove curse
 s - 2 scrolls of fog
 u - 2 scrolls of recharging
 x - a scroll of identify
 y - a scroll of blinking
 J - 4 scrolls of fear
Potions
 g - 2 potions of haste
 n - a potion of agility
 v - a potion of brilliance
 w - a potion of invisibility {unknown}
 A - 2 potions of cure mutation {unknown}
 D - a potion of magic {unknown}
 G - a potion of curing {unknown}
 H - 2 potions of might {unknown}
Comestibles
 f - 2 bread rations
 k - 5 meat rations
 m - 3 beef jerkies
 z - 2 chunks of flesh


   Skills:
 + Level 6.4 Fighting
 - Level 1.3(5.3) Short Blades
 * Level 8.2(8.3) Long Blades
 - Level 2.0 Throwing
 - Level 3.2 Dodging
 + Level 0.5 Invocations


You had 7 spell levels left.
You didn't know any spells.

Dungeon Overview and Level Annotations

Branches:
Dungeon (6/15)
 Temple: D:4-7

Altars:
Ashenzari
Dithmenos
Makhleb
Okawaru
Vehumet


Innate Abilities, Weirdness & Mutations

You have a beak for a mouth.
You have claws for feet.
You can fly.
You possess an exceptional clarity of mind.


Message History

The orc warrior closely misses you. The orc warrior misses you.
You riposte.
You hit the orc warrior but do no damage.
Your kick misses the orc warrior. Your peck misses the orc warrior.
Things that are here:
a hand axe; a leather armour You closely miss the orc warrior.
You peck the orc warrior, but do no damage.
The orc warrior hits you with a halberd!
You slash the orc warrior! You freeze the orc warrior.
You claw the orc warrior, but do no damage.
Your peck misses the orc warrior.
The orc warrior is severely wounded.
The orc warrior hits you with a halberd!
* * * LOW HITPOINT WARNING * * *
You closely miss the orc warrior.
You claw the orc warrior, but do no damage.
The orc warrior is severely wounded.
The orc warrior hits you with a halberd!
You die...

###...# #....##
#...oo..... .....#
#..o....... .....#
#....o.l... #......#
#.......... ###....#
#........ .####..# .....
.....(.######{#######.#
.............l{o@....>#
..............############
.........####............#
..)......####.[..........#
#######..# ..............#
≈≈≈≈≈##..#.##............#
####≈##..#...........^...#
≈≈≈≈≈≈#..####............#
#######..................#


You could see an orc warrior and a giant gecko.

Vanquished Creatures
  Sigmund (D:3)
  A phantom (D:5)
  An orc warrior (D:6)
  A giant frog (D:6)
  A scorpion (D:4)
  4 wights (D:6)
  2 crimson imps
  A giant frog zombie (D:6)
  3 hounds
  2 worker ants
  A mummy (D:4)
  A worker ant zombie (D:5)
  A howler monkey skeleton (D:6)
  7 adders
  A shadow imp (D:5)
  2 oozes (D:1)
  2 worms
  A dart slug (D:1)
  5 giant geckos
  7 orcs
  6 ball pythons
  5 bats
  2 giant cockroaches
  5 goblins
  A hobgoblin (D:1)
  11 jackals
  A quokka (D:5)
  11 giant newts
  A hobgoblin zombie (D:4)
  12 kobolds
  A kobold zombie (D:4)
  2 orc zombies (D:4)
  8 rats
  2 plants (Sewer)
113 creatures vanquished.

Notes
Turn   | Place    | Note
-------+----------+-------------------------------------------
     0 | D:1      | rageheart7 the Tengu Gladiator began the quest for the Orb.
     0 | D:1      | Reached XP level 1. HP: 12/12 MP: 2/2
   641 | D:1      | Reached XP level 2. HP: 17/17 MP: 3/3
   655 | D:1      | Reached skill level 4 in Long Blades
   927 | D:1      | Reached XP level 3. HP: 22/22 MP: 4/4
  1118 | D:2      | Found a burning altar of Makhleb.
  1634 | D:3      | Found an iron altar of Okawaru.
  1666 | D:3      | Became a worshipper of Warmaster Okawaru
  1763 | D:3      | Gained mutation: You possess an exceptional clarity of mind. [potion of beneficial mutation]
  1838 | D:3      | Reached XP level 4. HP: 27/27 MP: 5/5
  1896 | D:3      | Reached skill level 5 in Long Blades
  2014 | D:3      | Noticed Sigmund
  2028 | D:3      | Killed Sigmund
  2028 | D:3      | Reached * piety under Okawaru
  2028 | D:3      | Reached skill level 1 in Short Blades
  2028 | D:3      | Reached skill level 6 in Long Blades
  2028 | D:3      | Gained mutation: You can fly. [Tengu growth]
  2028 | D:3      | Reached XP level 5. HP: 20/32 MP: 3/6
  2028 | D:3      | Reached XP level 6. HP: 23/37 MP: 3/7
  2031 | D:3      | Found a shadowy altar of Dithmenos.
  2213 | D:3      | Found a radiant altar of Vehumet.
  2510 | D:4      | Found a shattered altar of Ashenzari.
  3246 | D:5      | Entered Level 5 of the Dungeon
  4034 | D:5      | Reached skill level 7 in Long Blades
  4382 | D:5      | Noticed a phantom
  4434 | D:6      | Reached XP level 7. HP: 40/43 MP: 8/8
  4706 | D:6      | Found a glowing drain.
  4712 | Sewer    | Entered a sewer
  5575 | D:6      | Reached skill level 5 in Fighting
  6300 | D:5      | Reached skill level 8 in Long Blades
  6300 | D:5      | Reached XP level 8. HP: 21/50 MP: 5/9
  6745 | D:6      | Slain by an orc warrior

Vault maps used:
D:1:      lemuel_arrival_room
D:2:      bloody_makhleb
D:3:      lemuel_doored_altar, vehumet_crystals, okawaru_metal_pillars_1_2,
          uniq_sigmund
D:4:      evilmike_ruin_ashenzari, first_bread, minmay_mini_ossuary
D:6:      lightli_sewer_entry_pipes, minmay_misc_feat_x, moated_statue
Sewer:    sewer_co_scattered_pipes

Skill      XL: |  1  2  3  4  5  6  7  8 |
---------------+-------------------------+-----
Long Blades    | 4 6 7 8 |  8.2
Fighting       | 3 4 5 6 |  6.4
Short Blades   | 1 |  1.3
Throwing       | |  2.0
Dodging        | |  3.2
Invocations    | |  0.5

Action                   |  1- 3 |  4- 6 |  7- 9 || total
-------------------------+-------+-------+-------++-------
Melee: Long sword        |    34 |       |       ||    34
       Kick              |    26 |    41 |    97 ||   164
       Peck              |    14 |    34 |    59 ||   107
       Short sword       |    55 |   140 |   254 ||   449
       Great sword       |       |       |    27 ||    27
Invok: Heroism           |       |     1 |     3 ||     4
 Abil: Fly               |       |       |     2 ||     2
  Use: Scroll            |    10 |     5 |     6 ||    21
       Potion            |     1 |     2 |     8 ||    11
 Stab: Sleeping          |       |     1 |     1 ||     2
  Eat: Chunk             |     3 |     7 |     6 ||    16
       Pizza             |       |       |     1 ||     1
       Bread ration      |       |       |     1 ||     1
Armor: Leather armour    |    28 |    24 |    62 ||   114
       Skin              |       |       |    32 ||    32
Dodge: Dodged            |    58 |    77 |   127 ||   262
